 Dungeon Crawl Stone Soup version 0.24-a0-250-g6074511092 (webtiles) character file.

Game seed: 17771494805729741501

12020 marsu the Grappler (level 11, 0/123 HPs)
             Began as a Naga Transmuter on Apr 14, 2019.
             Was a Priest of Makhleb.
             Slain by an eight-headed hydra (17 damage)
             ... on level 1 of the Lair of Beasts.
             The game lasted 00:45:31 (17004 turns).

marsu the Grappler (Naga Transmuter)               Turns: 17004, Time: 00:45:32

Health: 0/123      AC:  6    Str: 15    XL:     11   Next: 86%
Magic:  13/20      EV: 10    Int: 15    God:    Makhleb [***...]
Gold:   445        SH:  3    Dex: 11    Spells: 5/22 levels left

rFire    x . .     SeeInvis +     - Unarmed
rCold    + + +     Gourm    .   (shield currently unavailable)
rNeg     . . .     Faith    .   (armour currently unavailable)
rPois    +         Spirit   .   (helmet currently unavailable)
rElec    .         Reflect  +   (cloak currently unavailable)
rCorr    .         Harm     .   (gloves currently unavailable)
MR       +....                  (no barding)
Stlth    +.........             D - +3 amulet of reflection
HPRegen  0.30/turn              (no ring)
MPRegen  0.17/turn              (no ring)

@: ice-form, very slightly contaminated
A: large, see invisible, slow metabolism 1, spit poison 1, AC +3
a: Spit Poison, End Transformation, Minor Destruction, Lesser Servant of
Makhleb, Renounce Religion


You were on level 1 of the Lair of Beasts.
You worshipped Makhleb.
Makhleb was most pleased with you.
You were not hungry.
You were a creature of crystalline ice.
You visited 3 branches of the dungeon, and saw 13 of its levels.

You collected 649 gold pieces.
You spent 204 gold pieces at shops.

Inventory:

Missiles
 n - 8 curare-tipped needles
 o - 172 arrows
 r - 2 throwing nets {=f}
 s - 4 tomahawks
 y - 21 poisoned needles
 E - 7 javelins of penetration
 H - 4 poisoned tomahawks
 Q - 208 stones (quivered)
Armour
 G - a +1 cloak (melded)
 I - a cursed +0 helmet (melded)
 J - a +2 pair of gloves of strength (melded) {Str+3}
 N - a +1 leather armour of magic resistance (melded) {MR+}
 T - a +0 buckler (melded)
 U - a +0 troll leather armour {regen}
Jewellery
 C - an uncursed ring of fire {rF+, rC-}
 D - a +3 amulet of reflection (around neck)
Wands
 v - a wand of iceblast (3)
 K - a wand of paralysis (14)
 L - a wand of flame (3)
 M - a wand of enslavement (4)
 R - a wand of clouds (7)
Scrolls
 e - 2 scrolls of fear
 f - 2 scrolls of fog
 i - a scroll of identify
 k - 2 scrolls of amnesia
 m - 4 scrolls of remove curse
 q - a scroll of vulnerability {!r!r}
 t - 6 scrolls of teleportation
 x - 2 scrolls of magic mapping {!r}
 z - 3 scrolls of enchant armour
 B - 2 scrolls of blinking {!r}
 F - 2 scrolls of silence
 S - a scroll of enchant weapon
Potions
 a - a potion of heal wounds
 c - 3 potions of agility
 g - 3 potions of brilliance
 h - 2 potions of might
 j - a potion of berserk rage {!q}
 l - a potion of invisibility
 p - a potion of ambrosia
 u - 8 potions of curing
 w - 4 potions of degeneration {shitpotion, unknown}
 A - 3 potions of resistance
 O - 3 potions of haste
 V - a potion of flight
Comestibles
 d - 31 rations


   Skills:
 + Level 7.9 Fighting
 - Level 1.5 Dodging
 + Level 1.9 Shields
 * Level 11.4 Unarmed Combat
 - Level 6.1 Spellcasting
 - Level 8.0 Transmutations
 - Level 4.0 Ice Magic
 - Level 3.0 Poison Magic
 - Level 6.0 Invocations


You had 5 spell levels left.
You knew the following spells:

 Your Spells              Type           Power        Failure   Level  Hunger
a - Beastly Appendage     Tmut           ####..       1%          1    None
b - Ice Form              Ice/Tmut       ###.....     12%         4    ####...
c - Spider Form           Tmut/Pois      ###.......   4%          3    ##.....
d - Throw Frost           Conj/Ice       ##....       10%         2    #......
s - Sticks to Snakes      Tmut           ####....     1%          2    #......
x - Blade Hands           Tmut           ####......   16%         5    ######.

Your spell library contained the following spells:

 Spells                   Type           Power        Failure   Level  Hunger
 Freeze                   Ice            ###.         2%          1    None
 Ensorcelled Hibernation  Hex/Ice        ##....       10%         2    #......
 Corona                   Hex            #......      14%         1    None
 Ozocubu's Armour         Chrm/Ice       ##......     19%         3    ##.....
 Confuse                  Hex            #.......     41%         3    ##.....
 Dazzling Spray           Conj/Hex       #.....       41%         3    ##.....
 Tukima's Dance           Hex            #.......     41%         3    ##.....
 Summon Ice Beast         Ice/Summ       ##......     54%         4    ####...
 Throw Icicle             Conj/Ice       ##......     54%         4    ####...


Dungeon Overview and Level Annotations

Branches:
Dungeon (11/15)            Temple (1/1) D:7            Lair (1/6) D:9
    Orc (0/2) D:10

Altars:
Ashenzari
Cheibriados
Dithmenos
Elyvilon
Fedhas
Gozag
Hepliaklqana
Kikubaaqudgha
Makhleb
Nemelex Xobeh
Okawaru
Qazlal
Ru
Sif Muna
Trog
Uskayaw
Vehumet
Wu Jian
Xom
Yredelemnul
Zin
The Shining One

Shops:
D:5 }%=   D:6 ?   D:10 (

Annotations:
D:5 exclusion: door
D:8 exclusion: two-headed ogre
D:11 exclusion: obsidian statue


Innate Abilities, Weirdness & Mutations

You cannot wear boots.
((Your serpentine skin is tough. (AC +3)))
You have supernaturally acute eyesight. (SInv)
((Armour fits poorly on your strangely shaped body.))
((Your system is resistant to poisons. (rPois)))
((You cover ground very slowly.))
You have a slow metabolism.
You can spit poison.


Message History

The eight-headed hydra bites you.
* * * LOW HITPOINT WARNING * * *
The eight-headed hydra bites you.
* * * LOW HITPOINT WARNING * * *
The eight-headed hydra bites you but does no damage.
The eight-headed hydra barely misses you.
The eight-headed hydra bites you!
* * * LOW HITPOINT WARNING * * *
The eight-headed hydra bites you but does no damage.
The eight-headed hydra closely misses you.
You take 25 damage, and have 7/123 hp.
MASSIVE DAMAGE!!
You feel much better.
The eight-headed hydra is no longer moving slowly.
The eight-headed hydra bites you.
* * * LOW HITPOINT WARNING * * *
The eight-headed hydra bites you!
* * * LOW HITPOINT WARNING * * *
The eight-headed hydra bites you!
You die...

#..##.#P##...#
##.>รท........#
#...##.###.##
.#####..#####
#.# ........#
#.# #######.#
#.# ##.## ##.#
#.#
......####..#
.. #..Y....#
#.D###### #...
##(. #.. #..
#.. P..


You could see an eight-headed hydra.

Levels and vault maps discovered:
D:1:      kennysheep_arrival_seaside, layout_basic
D:2:      layout_rooms
D:3:      layout_basic, kennysheep_generic_room_4, uniq_sigmund
D:4:      layout_loops_ring, uniq_natasha
D:5:      layout_basic, first_ration, serial_shops, shop, shop,
          kennysheep_little_box
D:6:      cheibrodos_barr_body, layout_cave_pools, serial_shops,
          nicolae_shop_stone, serial_bayou_ford_a, uniq_edmund
D:7:      layout_layer_cave, minmay_temple_entry_glass, basic_altar
D:8:      layout_gridville, nemelex_xobeh_ov_fountains_minmay
D:9:      layout_irregular_city, david_lair_generic, blue_anna_alchemist
          [blue_anna_fruit_fields, blue_anna_fruit_fields], nooodl_food_tri
D:10:     layout_layer_cave, kennysheep_orc_monster_closet_entryway,
          serial_shops, shop, chequers_arboretum, kennysheep_crisscross
D:11:     layout_roguey, grunt_decor_one_mirror, minivault_16
Temple:   roderic_octagonal_lattice_temple
Lair:1:   layout_loops_ring

Notes
Turn   | Place    | Note
-------+----------+-------------------------------------------
     0 | D:1      | marsu the Naga Transmuter began the quest for the Orb.
     0 | D:1      | Reached XP level 1. HP: 18/18 MP: 3/3
   305 | D:1      | Reached XP level 2. HP: 25/25 MP: 3/5
   508 | D:1      | Identified a +0 club
   509 | D:1      | Identified a +0 club
  1069 | D:1      | Reached XP level 3. HP: 31/31 MP: 4/6
  1471 | D:2      | Learned a level 2 spell: Sticks to Snakes
  1475 | D:2      | Learned a level 3 spell: Spider Form
  1476 | D:2      | Identified a +0 short sword
  1478 | D:2      | Identified a +0 flail
  1623 | D:2      | Identified a +0 spear
  1626 | D:2      | Identified a +0 whip
  1635 | D:2      | Identified a +0 spear
  1752 | D:2      | Identified a +0 club
  1886 | D:2      | Identified a +0 dagger
  1915 | D:1      | Reached skill level 1 in Poison Magic
  1917 | D:1      | Reached XP level 4. HP: 22/39 MP: 5/7
  2053 | D:2      | Identified a +0 robe
  2085 | D:2      | Identified a +0 mace
  2262 | D:2      | Identified a +0 long sword
  2355 | D:2      | Reached skill level 2 in Fighting
  2485 | D:2      | Identified a +0 spear
  2498 | D:2      | Identified a +0 whip
  2509 | D:2      | HP: 7/39 [gnoll/+0 spear (8)]
  2510 | D:2      | Identified 2 potions of brilliance
  2512 | D:2      | Identified a +0 spear
  2814 | D:2      | Reached skill level 4 in Unarmed Combat
  3006 | D:1      | Reached XP level 5. HP: 34/45 MP: 6/8
  3167 | D:2      | Identified a +0 whip
  3276 | D:2      | Reached skill level 2 in Poison Magic
  3474 | D:3      | Identified a +0 flail
  3474 | D:3      | Identified a +0 leather armour
  3474 | D:3      | Identified a +0 falchion
  3551 | D:3      | Identified a +0 dagger
  3721 | D:3      | Identified a +0 club
  3722 | D:3      | Identified a +0 club
  3764 | D:3      | Identified a +0 dagger
  3809 | D:3      | Identified a cursed -3 ring of dexterity
  3819 | D:3      | Reached skill level 3 in Transmutations
  3842 | D:3      | Identified a +0 club
  3926 | D:3      | Identified a +0 club
  3944 | D:3      | Identified a +0 scythe
  3944 | D:3      | Identified a cursed +0 robe
  3944 | D:3      | Noticed Sigmund
  3981 | D:3      | Killed Sigmund
  3981 | D:3      | Reached skill level 3 in Spellcasting
  3981 | D:3      | Reached skill level 3 in Poison Magic
  3981 | D:3      | Reached XP level 6. HP: 49/55 MP: 7/10
  4155 | D:4      | Noticed a water moccasin
  4271 | D:4      | Identified a scroll of blinking
  4272 | D:4      | Identified a scroll of fear
  4273 | D:4      | Identified 2 scrolls of fog
  4274 | D:4      | Identified 2 scrolls of amnesia
  4275 | D:4      | Identified a scroll of random uselessness
  4276 | D:4      | Identified a scroll of remove curse
  4277 | D:4      | Identified a scroll of enchant armour
  4278 | D:4      | Identified a scroll of magic mapping
  4279 | D:4      | Identified a scroll of noise
  4280 | D:4      | Identified a scroll of identify
  4280 | D:4      | Identified a potion of berserk rage
  4281 | D:4      | Identified a scroll of immolation
  4296 | D:4      | Reached skill level 5 in Unarmed Combat
  4387 | D:4      | Reached skill level 3 in Fighting
  4387 | D:4      | Reached XP level 7. HP: 53/62 MP: 9/11
  4429 | D:4      | Identified a +0 dagger
  4434 | D:4      | Identified a +0 hand axe
  4434 | D:4      | Identified a +0 chain mail
  4435 | D:4      | Identified a +0 short sword
  4455 | D:4      | Learned a level 4 spell: Ice Form
  4527 | D:4      | Identified a ring of attention (You found it on level 4 of
                  | the Dungeon)
  4702 | D:4      | Noticed Natasha
  4711 | D:4      | Killed Natasha
  4718 | D:4      | Noticed Natasha
  4738 | D:4      | Killed Natasha
  4798 | D:4      | Noticed Natasha
  4808 | D:4      | Killed Natasha
  4966 | D:4      | Identified a +0 spear
  4967 | D:4      | Identified a +3 halberd
  4977 | D:4      | Identified a +0 halberd
  4978 | D:4      | Identified a cursed -3 club
  5136 | D:4      | Reached skill level 1 in Ice Magic
  5412 | D:5      | Entered Level 5 of the Dungeon
  5440 | D:5      | Found Jebops's Jewellery Shop.
  5487 | D:5      | Reached skill level 4 in Transmutations
  5858 | D:5      | Reached XP level 8. HP: 70/70 MP: 10/13
  5879 | D:5      | Identified an amulet of harm (You found it on level 5 of
                  | the Dungeon)
  5966 | D:5      | Identified a +0 dagger
  5966 | D:5      | Identified a +0 chain mail
  5966 | D:5      | Identified a +0 buckler
  5968 | D:5      | Identified a +0 dagger
  5969 | D:5      | Identified a +0 club
  5969 | D:5      | Identified a +0 ring mail
  5976 | D:5      | Reached skill level 6 in Unarmed Combat
  6026 | D:5      | Identified a +0 cloak (You found it on level 5 of the
                  | Dungeon)
  6042 | D:5      | Identified a +2 pair of gloves (You found it on level 5 of
                  | the Dungeon)
  6046 | D:5      | Found Ceebb's Gadget Shoppe.
  6052 | D:5      | Bought a wand of iceblast (13) for 204 gold pieces
  6105 | D:5      | Identified 3 potions of curing
  6274 | D:5      | Found Siur's Food Shoppe.
  6306 | D:6      | Identified a +0 giant spiked club
  6315 | D:6      | Reached skill level 2 in Ice Magic
  6473 | D:6      | Found Qots's Magic Scroll Shop.
  6535 | D:6      | Identified a +3 flail of draining
  6535 | D:6      | Identified a +0 chain mail
  6535 | D:6      | Noticed Edmund
  6560 | D:6      | Killed Edmund
  6560 | D:6      | Reached skill level 4 in Fighting
  6560 | D:6      | Reached skill level 4 in Spellcasting
  6738 | D:6      | Identified a ring of fire (You found it on level 6 of the
                  | Dungeon)
  6763 | D:6      | Identified a scroll of enchant weapon
  6976 | D:6      | Noticed a wyvern
  6983 | D:6      | Killed a wyvern
  7246 | D:6      | Reached skill level 3 in Ice Magic
  7250 | D:6      | Reached skill level 7 in Unarmed Combat
  7428 | D:6      | Reached XP level 9. HP: 62/79 MP: 13/15
  7506 | D:6      | Identified a +0 falchion
  7506 | D:6      | Identified a +0 leather armour
  7528 | D:6      | Reached skill level 5 in Transmutations
  7626 | D:6      | Identified a +0 shortbow
  7789 | D:6      | Learned a level 5 spell: Blade Hands
  7821 | D:6      | Identified an amulet of reflection (You found it on level 6
                  | of the Dungeon)
  7938 | D:7      | Identified a +0 club
  7945 | D:7      | Identified a +0 short sword
  7945 | D:7      | Identified a +0 scale mail
  8162 | D:7      | Identified a +0 dagger
  8162 | D:7      | Identified a +0 robe
  8170 | D:7      | Reached skill level 5 in Fighting
  8400 | D:7      | Identified 2 potions of resistance
  8401 | D:7      | Identified 3 potions of heal wounds
  8402 | D:7      | Identified 2 potions of agility
  8444 | D:7      | Found a staircase to the Ecumenical Temple.
  8482 | D:7      | Identified a +1 cloak (You found it on level 7 of the
                  | Dungeon)
  8484 | Temple   | Entered the Ecumenical Temple
  8748 | Temple   | Became a worshipper of Makhleb the Destroyer
  8828 | D:7      | Found an opulent altar of Gozag.
  8834 | D:7      | Identified a +0 dagger of holy wrath
  8838 | D:7      | Identified a +0 hand axe
  8838 | D:7      | Identified a +0 dagger
  8838 | D:7      | Identified a +0 robe
  8838 | D:7      | Identified a +0 falchion
  8838 | D:7      | Identified a +0 chain mail
  8857 | D:7      | Identified a +0 halberd
  8857 | D:7      | Identified a +0 whip
  8858 | D:7      | Identified a +0 giant club
  9164 | D:7      | Identified a +0 shortbow
  9266 | D:7      | Learned a level 2 spell: Throw Frost
  9297 | D:7      | Reached skill level 4 in Ice Magic
  9297 | D:7      | Reached skill level 1 in Invocations
  9308 | D:7      | Reached skill level 5 in Spellcasting
  9486 | D:7      | Reached skill level 8 in Unarmed Combat
 10117 | D:8      | Reached skill level 2 in Invocations
 10238 | D:8      | Identified a +0 short sword
 10394 | D:8      | Found a sparkling altar of Nemelex Xobeh.
 10418 | D:8      | Identified a +0 giant spiked club
 10423 | D:8      | Reached XP level 10. HP: 87/91 MP: 13/18
 10423 | D:8      | Identified a +0 dagger
 10423 | D:8      | Identified a +0 robe
 10594 | D:8      | Identified a +1 flail of protection
 10594 | D:8      | Identified a +0 robe
 10606 | D:8      | Reached * piety under Makhleb
 10636 | D:8      | Reached skill level 6 in Transmutations
 10691 | D:8      | Identified a +0 great sword
 10691 | D:8      | Identified a +0 robe
 10693 | D:8      | Identified a +0 halberd
 10693 | D:8      | Identified a +0 robe
 10709 | D:8      | Reached skill level 3 in Invocations
 10832 | D:8      | Identified a cursed -3 dagger
 10833 | D:8      | Identified a +0 dagger
 10833 | D:8      | Identified a +0 robe
 10837 | D:8      | Identified a +0 leather armour
 10837 | D:8      | Identified a +0 short sword
 10942 | D:8      | Reached skill level 9 in Unarmed Combat
 10975 | D:8      | Identified a cursed +0 helmet (You found it on level 8 of
                  | the Dungeon)
 11010 | D:8      | Identified a +0 giant club
 11079 | D:8      | Reached skill level 6 in Fighting
 11173 | D:8      | Identified a +0 hand axe
 11216 | D:8      | Identified a +2 pair of gloves of strength (You found it on
                  | level 8 of the Dungeon)
 11353 | D:8      | Identified a +0 giant club
 11353 | D:8      | Identified a +2 dire flail of protection
 11353 | D:8      | Noticed a two-headed ogre
 11506 | D:9      | Identified a +0 dagger
 11506 | D:9      | Identified a +0 robe
 11506 | D:9      | Identified a +0 ring mail
 11507 | D:9      | Identified a +0 war axe
 11727 | D:9      | Identified a +0 giant club
 11727 | D:9      | Identified a cursed -2 giant club
 11727 | D:9      | Noticed a two-headed ogre
 11735 | D:9      | Identified a +0 short sword
 11745 | D:9      | Killed a two-headed ogre
 11745 | D:9      | Reached skill level 6 in Spellcasting
 11745 | D:9      | Reached skill level 4 in Invocations
 11922 | D:9      | Identified a +1 leather armour of magic resistance
 11948 | D:9      | Identified a +0 hand axe
 11974 | D:9      | Identified a +0 whip
 11974 | D:9      | Identified a +0 chain mail
 11974 | D:9      | Identified a +0 mace
 12259 | D:9      | Identified a +0 trident
 12259 | D:9      | Identified a +0 shortbow
 12260 | D:9      | Found a staircase to the Lair.
 12261 | D:9      | Identified a +0 club
 12272 | D:9      | Identified a +0 giant club
 12274 | D:9      | Reached ** piety under Makhleb
 12278 | D:9      | Reached skill level 10 in Unarmed Combat
 12409 | D:9      | Reached skill level 7 in Transmutations
 12409 | D:9      | Reached XP level 11. HP: 97/99 MP: 11/20
 12679 | D:9      | Identified a +0 shortbow
 12820 | D:9      | Identified a +0 giant club
 12826 | D:9      | Reached skill level 5 in Invocations
 12875 | D:10     | Entered Level 10 of the Dungeon
 12892 | D:10     | Identified a +0 dagger
 12893 | D:10     | Identified a +0 short sword
 12894 | D:10     | Found Rexusiwn's Antique Weapon Shoppe.
 12896 | D:10     | Identified a +0 whip
 12897 | D:10     | Reached skill level 7 in Fighting
 12913 | D:10     | Identified a +0 giant spiked club
 12961 | D:10     | Identified a +0 great mace
 12961 | D:10     | Identified a +0 giant spiked club
 12961 | D:10     | Noticed a two-headed ogre
 12977 | D:10     | Killed a two-headed ogre
 13314 | D:10     | Identified a +0 dagger
 13314 | D:10     | Identified a +0 robe
 13314 | D:10     | Identified a +0 hand axe
 13317 | D:10     | Identified a +0 dire flail
 13317 | D:10     | Identified a +0 plate armour
 13328 | D:10     | Identified a cursed -1 falchion
 13330 | D:10     | Identified a +0 short sword
 13330 | D:10     | Identified a +0 ring mail
 13738 | D:10     | Identified a +0 club
 13739 | D:10     | Identified a cursed +0 whip
 13740 | D:10     | Identified a +3 dagger
 13741 | D:10     | Identified a cursed -3 dagger
 13839 | D:10     | Identified a +0 giant spiked club
 14234 | D:10     | Identified a +0 flail
 14281 | D:10     | Identified a +0 flail
 14281 | D:10     | Identified a +0 hand axe
 14281 | D:10     | Identified a +0 giant spiked club
 14282 | D:10     | Found a staircase to the Orcish Mines.
 14282 | D:10     | Identified a +0 giant spiked club
 14282 | D:10     | Identified a cursed +0 club
 14282 | D:10     | Identified a +0 spear
 14282 | D:10     | Identified a +0 scale mail
 14282 | D:10     | Identified a +0 giant club
 14282 | D:10     | Identified a +2 spear of venom
 14282 | D:10     | Identified a +0 scale mail
 14282 | D:10     | Identified a +0 buckler
 14282 | D:10     | Identified a +0 dagger
 14282 | D:10     | Identified a +0 spear
 14282 | D:10     | Identified a +0 ring mail
 14282 | D:10     | Identified a +0 shield
 14433 | D:10     | Reached *** piety under Makhleb
 14433 | D:10     | Identified a +0 troll leather armour
 14701 | D:10     | Identified a +0 short sword
 14701 | D:10     | Identified a +0 plate armour
 14705 | D:10     | Identified a +0 halberd
 14705 | D:10     | Identified a +0 chain mail
 14749 | D:10     | HP: 24/100 [orc warrior/+0 halberd (10)]
 15172 | D:10     | Identified a +0 leather armour
 15275 | D:10     | Reached skill level 11 in Unarmed Combat
 15564 | D:10     | Reached skill level 6 in Invocations
 15624 | D:10     | Identified a +3 spear
 15624 | D:10     | Identified a +0 ring mail
 15737 | D:11     | Noticed an obsidian statue
 15757 | D:11     | Identified a +0 trident
 15842 | D:11     | Reached skill level 1 in Shields
 15909 | D:11     | Identified a +0 giant club
 15909 | D:11     | Identified a +0 giant club
 15909 | D:11     | Noticed a two-headed ogre
 16196 | Lair:1   | Entered Level 1 of the Lair of Beasts
 16197 | Lair:1   | Noticed an eight-headed hydra
 16203 | Lair:1   | Killed an eight-headed hydra
 16204 | Lair:1   | HP: 27/122 [water moccasin (9)]
 16209 | Lair:1   | HP: 28/122 [water moccasin (7)]
 16210 | Lair:1   | Reached skill level 8 in Transmutations
 16756 | Lair:1   | Identified 6 scrolls of teleportation
 16757 | Lair:1   | Identified 2 potions of might
 16758 | Lair:1   | Identified a potion of flight
 16759 | Lair:1   | Identified a potion of invisibility
 16760 | Lair:1   | Identified a potion of ambrosia
 16761 | Lair:1   | Identified 2 scrolls of silence
 16762 | Lair:1   | Identified an amulet of faith (You found it on level 9 of
                  | the Dungeon)
 16763 | Lair:1   | Identified a scroll of vulnerability
 16996 | Lair:1   | Noticed an eight-headed hydra
 17001 | Lair:1   | HP: 27/123 [eight-headed hydra (4)]
 17001 | Lair:1   | HP: 8/123 [eight-headed hydra (9)]
 17004 | Lair:1   | Slain by an eight-headed hydra

Table legend:
 A = Turns spent in this place as a percentage of turns spent in the entire game.
 B = Non-inter-level travel turns spent in this place as a percentage of non-inter-level travel turns spent in the entire game.
 C = Inter-level travel turns spent in this place as a percentage of turns spent in this place.
 D = Turns resting spent in this place as a percentage of non-inter-level travel turns spent in this place.
 E = Turns spent auto-exploring this place as a percentage of non-inter-level travel turns spent in this place.
 F = Non-inter-level travel turns spent in this place divided by the number of levels of this place that you've seen.
                   A       B       C       D       E      F
               +-------+-------+-------+-------+-------+----------------------
         Total | 100.0 | 100.0 |   4.0 |  40.1 |  32.0 | 1255.9
       Dungeon |  96.4 |  96.5 |   3.9 |  40.8 |  30.9 | 1431.9
        Temple |   1.7 |   1.6 |  11.4 |   0.0 |  98.4 | 256.0
          Lair |   1.9 |   2.0 |   0.3 |  41.6 |  33.4 | 320.0
               +-------+-------+-------+-------+-------+----------------------

Table legend:
 A = Kills in this place as a percentage of kills in entire the game.
 B = Kills by you in this place as a percentage of kills by you in the entire game.
 C = Kills by friends in this place as a percentage of kills by friends in the entire game.
 D = Other kills in this place as a percentage of other kills in the entire game.
 E = Experience gained in this place as a percentage of experience gained in the entire game.
 F = Experience gained in this place divided by the number of levels of this place that you have seen.
                   A       B       C       D       E      F
               +-------+-------+-------+-------+-------+----------------------
         Total | 100.0 | 100.0 | 100.0 |   N/A | 100.0 | 1320.9
       Dungeon |  97.6 |  97.6 | 100.0 |   N/A |  86.5 | 1349.6
          Lair |   2.4 |   2.4 |   0.0 |   N/A |  13.5 | 2326.0
               +-------+-------+-------+-------+-------+----------------------

Skill      XL: |  1  2  3  4  5  6  7  8  9 10 11 |
---------------+----------------------------------+-----
Poison Magic   | 1 3 |  3.0
Fighting       | 2 3 4 5 6 7 |  7.9
Unarmed Combat | 4 5 7 8 10 11 | 11.4
Transmutations | 3 4 5 7 8 |  8.0
Spellcasting   | 3 4 5 6 |  6.1
Ice Magic      | 1 3 4 |  4.0
Invocations    | 2 4 6 |  6.0
Shields        | 1 |  1.9
Dodging        | |  1.5

Action                   |  1- 3 |  4- 6 |  7- 9 | 10-12 || total
-------------------------+-------+-------+-------+-------++-------
Melee: Unarmed           |    79 |   143 |   374 |   380 ||   976
       Headbutt          |     4 |     2 |     3 |       ||     9
       Punch             |     1 |     1 |     1 |     2 ||     5
 Cast: Beastly Appendage |    10 |     9 |     4 |       ||    23
       Sticks to Snakes  |       |     4 |     9 |     3 ||    16
       Spider Form       |       |    12 |    32 |    26 ||    70
       Throw Frost       |       |       |     7 |       ||     7
       Ice Form          |       |       |     5 |    23 ||    28
 Abil: Spit Poison       |    18 |    23 |    10 |     4 ||    55
Evoke: Wand              |       |       |     6 |    10 ||    16
  Use: Potion            |       |     1 |       |     4 ||     5
       Scroll            |       |    11 |     8 |     8 ||    27
 Stab: Petrified         |       |       |       |     1 ||     1
  Eat: Chunk             |     3 |    10 |    18 |    16 ||    47
       Ration            |       |       |     1 |     2 ||     3
Armor: Robe              |    22 |    26 |    43 |       ||    91
       Skin              |       |     6 |    15 |    33 ||    54
       Leather armour    |       |       |       |    33 ||    33
Dodge: Dodged            |    81 |   113 |   221 |   212 ||   627
Block: Other             |       |       |    20 |    30 ||    50
       Buckler           |       |       |       |     4 ||     4
       Reflection        |       |       |       |     3 ||     3

Vanquished Creatures
  A hydra (Lair:1)
  2 two-headed ogres
  A spiny frog (Lair:1)
  A komodo dragon (Lair:1)
  3 trolls
  2 hippogriffs
  A hornet (D:10)
  6 yaks (D:9)
  Sigmund (D:3)
  A vampire (D:10)
  A basilisk (D:9)
  3 hungry ghosts
  A wyvern (D:6)
  Edmund (D:6)
  A soldier ant (D:9)
  2 crocodiles
  An acid dragon (D:7)
  2 water moccasins
  3 orc warriors (D:10)
  3 porcupines (Lair:1)
  5 ice beasts
  A sky beast (D:10)
  A hornet zombie (D:8)
  4 phantoms
  10 ogres
  3 centaurs
  4 big kobolds
  5 bullfrogs
  3 gnoll sergeants (D:10)
  4 scorpions
  4 wights (D:8)
  11 killer bees
  2 electric eels (D:6)
  2 howler monkeys
  3 crimson imps
  3 bullfrog zombies
  A quasit (D:8)
  2 orc priests
  4 jellies
  A bullfrog skeleton (D:11)
  A centaur skeleton (D:10)
  5 hounds
  5 orc wizards
  2 iguanas
  Natasha (thrice) (D:4)
  11 worker ants
  A killer bee zombie (D:6)
  2 hound skeletons
  A howler monkey zombie (D:8)
  15 gnolls
  6 adders
  3 shadow imps
  2 oozes (D:1)
  An adder skeleton (D:6)
  A worm (D:4)
  A dart slug (D:2)
  4 leopard geckos
  40 orcs
  5 ball pythons
  2 giant cockroaches
  4 hobgoblins
  25 jackals
  11 kobolds
  3 quokkas
  12 bats
  4 frilled lizards
  6 goblins
  A jackal skeleton (D:5)
  6 rats
293 creatures vanquished.

Vanquished Creatures (collateral kills)
  A centaur (D:9)
1 creature vanquished.

Vanquished Creatures (others)
  A hippogriff (D:9)
1 creature vanquished.

Grand Total: 295 creatures vanquished
